 Dungeon Crawl Stone Soup version 0.26-a0-812-g31a745ddcd (webtiles) character file.

Game seed: 2950402416939252759

4207 Jaqob the Cleaver (level 10, -4/86 HPs)
             Began as a Hill Orc Fighter on Nov 14, 2020.
             Was a Believer of Okawaru.
             Slain by a two-headed ogre
             ... wielding a +0 giant club
              (18 damage)
             ... on level 8 of the Dungeon.
             The game lasted 00:28:37 (7022 turns).

Jaqob the Cleaver (Hill Orc Fighter)                Turns: 7022, Time: 00:28:38

Health: -4/86      AC: 13    Str: 23    XL:     10   Next: 29%
Magic:  10/10      EV: 10    Int:  8    God:    Okawaru [**....]
Gold:   399        SH: 13    Dex: 10    Spells: 9/9 levels left

rFire    . . .     SeeInvis +   q - +3 hand axe (freeze)
rCold    . . .     Faith    .   C - +2 kite shield
rNeg     . . .     Spirit   .   b - +0 scale mail
rPois    .         Reflect  .   n - +2 hat
rElec    .         Harm     .   B - +0 cloak
rCorr    .         Rampage  .   (no gloves)
MR       +....                  (no boots)
Stlth    ..........             o - amulet of regeneration
HPRegen  0.64/turn              x - ring of protection from magic
MPRegen  0.12/turn              w - ring of see invisible

@: no status effects
A: iridescent scales 1, blurry vision 1, wild magic 1
a: Heroism, Renounce Religion


You were on level 8 of the Dungeon.
You worshipped Okawaru.
Okawaru was pleased with you.
You visited 2 branches of the dungeon, and saw 9 of its levels.

You collected 399 gold pieces.

Inventory:

Hand Weapons
 a - a +0 war axe
 q - a +3 hand axe of freezing (weapon)
 v - a cursed +5 scimitar of freezing
 z - a +3 long sword
Armour
 b - a +0 scale mail (worn)
 c - a +2 kite shield
 f - a +0 cloak
 n - a +2 hat (worn)
 B - a +0 cloak (worn)
 C - a +2 kite shield (worn)
Jewellery
 e - an uncursed amulet of reflection
 i - an uncursed ring of teleportation
 o - an amulet of regeneration (around neck)
 w - a ring of see invisible (right hand)
 x - a ring of protection from magic (left hand)
Wands
 u - a wand of digging (5)
Scrolls
 j - a scroll of random uselessness
 k - 11 scrolls of remove curse
 l - 3 scrolls of identify
 m - 2 scrolls of amnesia
 p - a scroll of fear
 r - a scroll of magic mapping
 t - a scroll of teleportation
 y - a scroll of fog
 D - 2 scrolls of enchant armour
Potions
 d - 2 potions of might
 g - 6 potions of curing
 h - 2 potions of flight
 s - 3 potions of brilliance
 A - a potion of attraction
 E - a potion of ambrosia {unknown}


   Skills:
 + Level 7.4 Fighting
 + Level 12.4 Axes
 + Level 6.5 Armour
 + Level 3.2 Dodging
 + Level 1.6 Stealth
 + Level 7.9 Shields
 + Level 1.1 Invocations


You had 9 spell levels left.
You didn't know any spells.
Your spell library contained the following spells:

 Spells                   Type           Power        Failure   Level
 Corona                   Hex            #......      96%         1
 Ensorcelled Hibernation  Hex/Ice        #.....       99%         2
 Confusing Touch          Hex            #.......     100%        3
 Dazzling Flash           Conj/Hex       #.....       100%        3
 Tukima's Dance           Hex            #.......     100%        3


Dungeon Overview and Level Annotations

Branches:
Dungeon (8/15)             Temple (1/1) D:6
   Lair: D:8-11

Altars:
Ashenzari
Cheibriados
Dithmenos
Elyvilon
Fedhas
Gozag
Hepliaklqana
Kikubaaqudgha
Makhleb
Nemelex Xobeh
Okawaru
Qazlal
Ru
Sif Muna
Trog
Uskayaw
Vehumet
Wu Jian
Xom
Yredelemnul
Zin
The Shining One

Shops:
D:5 (   D:6 [


Innate Abilities, Weirdness & Mutations

You are partially covered in iridescent scales. (AC +2)
Scrolls take you a little longer to read.
Your spells are a little harder to cast, but a little more powerful.


Message History

The two-headed ogre hits you with a +0 giant club!
The two-headed ogre hits you with a +0 giant club.
You slash the two-headed ogre! You freeze the two-headed ogre.
The two-headed ogre is moderately wounded.
The two-headed ogre hits you with a +0 giant club!
The two-headed ogre hits you but does no damage.
You closely miss the two-headed ogre.
The two-headed ogre is moderately wounded.
You hit the two-headed ogre. You freeze the two-headed ogre.
The two-headed ogre is moderately wounded.
The two-headed ogre hits you with a +0 giant club!!
The two-headed ogre barely misses you.
You hit the two-headed ogre. You freeze the two-headed ogre.
The two-headed ogre is heavily wounded.
You hit the two-headed ogre. You freeze the two-headed ogre.
The two-headed ogre is heavily wounded.
The two-headed ogre hits you with a +0 giant club!!
* * * LOW HITPOINT WARNING * * *
The two-headed ogre hits you with a +0 giant club!!
You die...

#.......†.#
#.... .#
###########
.#... ##
#.... ...#
#$.# ##
#.$# ..#
########..#
#.#
#.........#
#
#.######@##
#. #.# #O#
#.#### #.#
#.#
.....####.#
#.#
#.........#
#.#
####.######
#.#
#.#########
#.#
#..........
...
#..>†......


You could see a two-headed ogre.

Vanquished Creatures
  A two-headed ogre (D:8)
  A slime creature (D:7)
  2 orc warriors
  3 phantoms
  A sky beast (D:6)
  A black bear (D:8)
  A necrophage (D:7)
  2 ogres
  6 centaurs
  A big kobold (D:7)
  2 bullfrogs
  A gnoll sergeant (D:7)
  5 scorpions
  10 wights
  A bullfrog zombie (D:5)
  2 orc priests
  2 centaur skeletons
  A hound (D:4)
  A bullfrog skeleton (D:5)
  5 jellies (D:7)
  7 orc wizards
  An iguana (D:4)
  4 worker ants
  2 hound skeletons
  A howler monkey zombie (D:8)
  5 gnolls (D:7)
  7 adders
  A howler monkey skeleton (D:5)
  2 shadow imps
  4 white imps
  2 ufetubi
  15 oozes
  An adder skeleton (D:5)
  3 worms
  2 dart slugs
  5 leopard geckos
  30 orcs
  9 giant cockroaches
  9 goblins
  7 hobgoblins
  5 jackals
  3 quokkas
  A ball python (D:4)
  A ball python zombie (D:3)
  6 bats
  8 frilled lizards
  A giant cockroach zombie (D:5)
  A jackal zombie (D:8)
  12 kobolds
  5 rats
209 creatures vanquished.

Vanquished Creatures (others)
  8 fungi (D:7)
8 creatures vanquished.

Grand Total: 217 creatures vanquished

Notes
Turn   | Place    | Note
-------+----------+-------------------------------------------
     0 | D:1      | Jaqob the Hill Orc Fighter began the quest for the Orb.
     0 | D:1      | Reached XP level 1. HP: 19/19 MP: 1/1
    62 | D:1      | Reached XP level 2. HP: 22/27 MP: 2/2
   357 | D:1      | Reached skill level 3 in Axes
   357 | D:1      | Reached XP level 3. HP: 31/33 MP: 3/3
  1280 | D:3      | Reached XP level 4. HP: 28/40 MP: 4/4
  1287 | D:3      | Reached skill level 4 in Axes
  1362 | D:3      | Reached XP level 5. HP: 44/47 MP: 5/5
  1632 | D:3      | Reached skill level 5 in Axes
  2038 | D:3      | Found a snail-covered altar of Cheibriados.
  2039 | D:3      | Found a burning altar of Makhleb.
  2048 | D:3      | Found a shimmering altar of Xom.
  2049 | D:3      | Found a blossoming altar of Fedhas.
  2051 | D:3      | Found a hazy altar of Hepliaklqana.
  2069 | D:3      | Found a bloodstained altar of Trog.
  2395 | D:4      | Reached XP level 6. HP: 45/55 MP: 6/6
  2404 | D:4      | Found an ornate altar of the Wu Jian Council.
  2639 | D:4      | Reached skill level 5 in Fighting
  2639 | D:4      | Reached skill level 1 in Dodging
  2697 | D:4      | Reached skill level 6 in Axes
  2761 | D:4      | Noticed a phantom
  2790 | D:4      | Killed a phantom
  2790 | D:4      | Reached XP level 7. HP: 58/61 MP: 7/7
  3073 | D:5      | Entered Level 5 of the Dungeon
  3164 | D:5      | Gained mutation: Scrolls take you a little longer to read.
                  | [potion of mutation]
  3164 | D:5      | Gained mutation: You are partially covered in iridescent
                  | scales. (AC +2) [potion of mutation]
  3164 | D:5      | Gained mutation: Your spells are a little harder to cast,
                  | but a little more powerful. [potion of mutation]
  3228 | D:5      | Reached skill level 7 in Axes
  3256 | D:5      | Reached skill level 1 in Stealth
  3406 | D:5      | Reached skill level 5 in Shields
  3482 | D:5      | Found Leblic's Weapon Emporium.
  3663 | D:6      | Found a snail-covered altar of Cheibriados.
  3667 | D:6      | Reached skill level 8 in Axes
  3667 | D:6      | Reached XP level 8. HP: 69/69 MP: 8/8
  3727 | D:6      | Found a broken altar of Ashenzari.
  3924 | D:6      | Found a staircase to the Ecumenical Temple.
  3930 | Temple   | Entered the Ecumenical Temple
  4169 | Temple   | Became a worshipper of Warmaster Okawaru
  4389 | D:6      | Reached skill level 5 in Armour
  4516 | D:6      | Found Tolymy's Armour Shoppe.
  4938 | D:6      | Reached skill level 9 in Axes
  5016 | D:7      | Noticed a boulder beetle
  5027 | D:7      | Reached XP level 9. HP: 75/75 MP: 9/9
  5186 | D:6      | Reached * piety under Okawaru
  5186 | D:6      | Reached skill level 10 in Axes
  5571 | D:7      | Reached skill level 1 in Invocations
  5774 | D:7      | Reached skill level 11 in Axes
  5987 | D:7      | Reached ** piety under Okawaru
  6071 | D:7      | Found a shimmering blue altar of Sif Muna.
  6071 | D:7      | Found a sacrificial altar of Ru.
  6072 | D:7      | Found a hide-covered altar of Uskayaw.
  6501 | D:8      | Reached XP level 10. HP: 71/86 MP: 10/10
  6590 | D:8      | Reached skill level 12 in Axes
  6770 | D:8      | Noticed a two-headed ogre
  6796 | D:8      | Killed a two-headed ogre
  7013 | D:8      | Noticed a two-headed ogre
  7022 | D:8      | Slain by a two-headed ogre

Illustrated notes

Levels and vault maps discovered:
D:1:      minmay_arrival_diagonal_passages, layout_rooms
D:2:      layout_rooms
D:3:      layout_basic, minitemple
D:4:      layout_loops_corners, lemuel_crystal_altar
D:5:      layout_basic, serial_shops, kennysheep_mini_moat,
          minmay_misc_feat_tower, st_stairs_11
D:6:      layout_basic, cheibrodos_ashenzari_chains, minmay_temple_entry_wispy,
          serial_shops, shop, kennysheep_slug_shrine
D:7:      lemuel_slime, layout_basic, gammafunk_temple_overflow_claw
D:8:      layout_loops_ring
Temple:   minmay_temple_curvy_loop

Skill      XL: |  1  2  3  4  5  6  7  8  9 10 |
---------------+-------------------------------+-----
Fighting       | 4 5 6 7 |  7.4
Axes           | 3 4 5 6 8 9 11 12 | 12.4
Shields        | 4 5 6 7 |  7.9
Dodging        | 1 2 3 |  3.2
Armour         | 4 5 6 |  6.5
Stealth        | 1 |  1.6
Invocations    | 1 |  1.1

Action                   |  1- 3 |  4- 6 |  7- 9 | 10-12 || total
-------------------------+-------+-------+-------+-------++-------
Melee: War axe           |   134 |   186 |   263 |       ||   583
       Hand axe          |       |       |   221 |    76 ||   297
Invok: Heroism           |       |       |     1 |     1 ||     2
  Use: Scroll            |     8 |       |     8 |       ||    16
       Potion            |     3 |       |     5 |     2 ||    10
Armor: Scale mail        |    64 |    88 |   134 |    13 ||   299
Dodge: Dodged            |    51 |    44 |   110 |    18 ||   223
Block: Kite shield       |    71 |   111 |   259 |    28 ||   469

Table legend: (Time is in decaauts)
 A = Elapsed time spent in this place.
 B = Non-inter-level travel time spent in this place.
 C = Inter-level travel time spent in this place.
 D = Time resting spent in this place.
 E = Time spent auto-exploring this place.
 F = Levels seen in this place.
 G = Mean time per level.
                   A        B        C        D        E       F      G
               +--------+--------+--------+--------+--------+-----+--------+
         Total |   7116 |   6728 |    388 |    658 |   4113 |   9 |  790.7 |
       Dungeon |   6831 |   6487 |    344 |    658 |   3931 |   8 |  853.9 |
        Temple |    284 |    240 |     44 |      0 |    182 |   1 |  284.0 |
               +--------+--------+--------+--------+--------+-----+--------+

Top non-repeatable levels by time:
     D:7: 1275 daAuts
     D:6: 1178 daAuts
     D:3: 1038 daAuts
     D:4: 920 daAuts
     D:1: 661 daAuts
     D:8: 624 daAuts
     D:5: 567 daAuts
     D:2: 565 daAuts
  Temple: 284 daAuts
